 Dungeon Crawl Stone Soup version 0.30.0-19-g36f170ea60 (webtiles) character file.

Game seed: 10793038690147392845

345 SuvarnaParana the Chopper (level 6, -1/51 HPs)
             Began as a Minotaur Berserker on May 30, 2023.
             Was a Believer of Trog.
             Succumbed to an orc wizard's poison
             ... on level 4 of the Dungeon.
             The game lasted 01:49:23 (3505 turns).

SuvarnaParana the Chopper (Minotaur Berserker)      Turns: 3505, Time: 01:49:23

Health: -1/51      AC: 14    Str: 23    XL:     6   Next: 32%
Magic:  5/5        EV:  9    Int:  4    God:    Trog [**....]
Gold:   196        SH:  0    Dex: 10    Spells: 5/5 levels left

rFire   . . .        s - +1 hand axe (heavy)
rCold   . . .        (no shield)
rNeg    . . .        a - +1 chain mail
rPois   .            (helmet restricted)
rElec   .            (no cloak)
rCorr   .            j - +0 pair of gloves
SInv    .            (no boots)
Will    ++...        (no amulet) Stlth
                     i - +4 ring of protection
HPRegen 1.28/turn    (no ring)
MPRegen 0.09/turn

%: no passive effects
@: lethally poisoned (-1 -> -17), strong-willed, regenerating
A: horns 2, retaliatory headbutt
a: Renounce Religion, Berserk, Trog's Hand


You were on level 4 of the Dungeon.
You worshipped Trog.
Trog was pleased with you.
You visited 1 branch of the dungeon, and saw 4 of its levels.

You collected 196 gold pieces.

Inventory:

Hand Weapons
 s - a +1 heavy hand axe (weapon)
Missiles
 b - 5 atropa-tipped darts (quivered)
 l - 2 poisoned darts
Armour
 a - a +1 chain mail (worn)
 j - a +0 pair of gloves (worn)
Jewellery
 i - a +4 ring of protection (left hand)
Wands
 n - a wand of iceblast (5)
Scrolls
 e - 4 scrolls of blinking
 m - 2 scrolls of teleportation
 p - a scroll of magic mapping
Potions
 c - a potion of invisibility {unknown}
 d - a potion of haste
 f - 3 potions of curing {unknown}
 g - 3 potions of attraction
 r - a potion of mutation {unknown}
 u - a potion of brilliance {unknown}


   Skills:
 - Level 3.6 Fighting
 + Level 7.0 Axes
 + Level 3.9 Throwing
 - Level 2.4 Armour
 - Level 2.1 Dodging


You had 5 spell levels left.
You didn't know any spells.
Your spell library was empty.

Dungeon Overview and Level Annotations

Branches:
Dungeon (4/15)
 Temple: D:4-7

Altars:
Ru
Trog

Shops:
D:1 *

Annotations:
D:3 1 exclusion


Innate Abilities, Weirdness & Mutations

You have a pair of horns on your head.
You reflexively headbutt those who attack you in melee.


Message History

You can't go down here!
You can't go down here!
Unknown command.
Something hits you.
You are poisoned.
You feel very sick. Something hits you but does no damage.
You are more poisoned.
There is an open door here.
Something hits you but does no damage.
You are more poisoned.
You feel very sick.
You barely miss something.
You feel extremely sick. Something hits you but does no damage.
You miss something. Your headbutt misses something.
You feel very sick. Something hits you but does no damage.
You are more poisoned.
Something hits you.
You are lethally poisoned!
You feel extremely sick.
An orc comes into view. It is wielding a +0 trident.
You feel very sick.
The orc shouts!
An orc comes into view. It is wielding a +0 flail. x2
* * * LOW HITPOINT WARNING * * *
You feel very sick.
The orc shouts! x2
Okay, then.
Your skin crawls.
You feel strong-willed.
You feel very sick. Something hits you but does no damage.
You are lethally poisoned!
You barely miss something. Your headbutt misses something.
* * * LOW HITPOINT WARNING * * *
You feel extremely sick. Something hits you but does no damage.
You are more poisoned.
You die...

##...#......# #......
#....#......# #......
#....#......# #...... #....#
.....# #...... #....#
..oo##############......
#....####'#.o.............######
#.........#...........รท...#.....
#.........#..{......<.....#.....
#######...#....@................
#...##...#.....................
#......).'......#########.##'##
#...##...#......# #......
#...##...#......# #......
#.........#####################
#..............................
#........#..#..#..#..#..#..#..#
#..............................


You could see 3 orcs.

Vanquished Creatures
  Menkaure (D:4)
  An orc priest (D:3)
  Jessica (D:2)
  Terence (D:2)
  An orc wizard (D:4)
  Robin (D:3)
  3 adders
  A worm (D:3)
  A dart slug (D:1)
  6 orcs
  5 ball pythons
  7 endoplasms
  3 giant cockroaches
  12 goblins
  7 hobgoblins
  4 jackals (D:1)
  4 kobolds
  A quokka (D:2)
  A bat (D:2)
  A frilled lizard (D:2)
  7 rats
69 creatures vanquished.

Notes
Turn   | Place    | Note
-------+----------+-------------------------------------------
     0 | D:1      | SuvarnaParana the Minotaur Berserker began the quest for
                  | the Orb.
     0 | D:1      | Reached XP level 1. HP: 19/19 MP: 0/0
   223 | D:1      | Found Plog's Assorted Antiques.
   330 | D:1      | Reached skill level 4 in Axes
   592 | D:1      | Reached XP level 2. HP: 22/26 MP: 1/1
  1120 | D:1      | Reached skill level 5 in Axes
  1563 | D:2      | Reached XP level 3. HP: 29/31 MP: 2/2
  1612 | D:2      | Reached ** piety under Trog
  1836 | D:2      | Reached skill level 1 in Throwing
  1895 | D:2      | Noticed Terence
  1912 | D:2      | Killed Terence
  1913 | D:2      | Reached XP level 4. HP: 39/39 MP: 3/3
  2263 | D:2      | Noticed Jessica
  2275 | D:2      | Killed Jessica
  2444 | D:3      | Found a bloodstained altar of Trog.
  2448 | D:3      | Found a sacrificial altar of Ru.
  2669 | D:3      | Reached skill level 6 in Axes
  2673 | D:3      | Noticed Robin
  2693 | D:3      | Killed Robin
  2694 | D:3      | Reached XP level 5. HP: 45/45 MP: 4/4
  3194 | D:4      | Noticed Menkaure
  3207 | D:4      | Killed Menkaure
  3208 | D:4      | Reached XP level 6. HP: 5/51 MP: 5/5
  3410 | D:4      | Reached skill level 7 in Axes
  3505 | D:4      | Succumbed to an orc wizard's poison

Illustrated notes

Levels and vault maps discovered:
D:1:      minmay_arrival_split_and_join, layout_basic, serial_shops,
          nicolae_shop_pleasant_corner_grove
D:2:      layout_rooms, corexii_shack, grunt_decor_fettered, uniq_terence,
          uniq_jessica
D:3:      layout_rooms, grunt_temple_overflow_open, uniq_robin
D:4:      layout_gridville, bloody_makhleb, serial_shops, shop,
          columned_hall_lemuel, grunt_tough_drop, uniq_menkaure

Skill      XL: |  1  2  3  4  5  6 |
---------------+-------------------+-----
Axes           | 4 5 6 7 |  7.0
Throwing       | 1 2 3 |  3.9
Fighting       | |  3.6
Armour         | |  2.4
Dodging        | |  2.1

Action                     |  1- 3 |  4- 6 || total
---------------------------+-------+-------++-------
  Melee: Hand axe          |    78 |    93 ||   171
         Headbutt          |    12 |    12 ||    24
  Throw: Dart              |     5 |       ||     5
         Stone             |     4 |     9 ||    13
 Invoke: Berserk           |     3 |     3 ||     6
         Trog's Hand       |       |     2 ||     2
    Use: Scroll            |     2 |     5 ||     7
   Stab: Invisible         |     1 |       ||     1
 Armour: Ring mail         |    17 |       ||    17
         Scale mail        |     3 |    27 ||    30
         Chain mail        |       |    13 ||    13
  Dodge: Dodged            |    46 |    37 ||    83
